 Dungeon Sprint DCSS version 0.17-a0-1575-g9a29ec8 (webtiles) character file.

138 nuthulu the Fighter (level 9, -1/66 HPs)
             Began as a Gargoyle Fighter on July 26, 2015.
             Was a High Priest of Okawaru.
             Slain by a fire elemental (6 damage)
             ... in the Dungeon (Sprint VI: "Thunderdome").
             The game lasted 00:04:19 (583 turns).

nuthulu the Fighter (Gargoyle Fighter)               Turns: 583, Time: 00:04:19

Health: -1/66      AC: 15    Str: 26    XL:     9   Next: 94%
Magic:  18/18      EV:  9    Int:  8    God:    Okawaru [*****.]
Gold:   37         SH: 13    Dex: 12    Spells: 0 memorised, 8 levels left

rFire  . . .     SeeInvis .     r - +3 mace of Certain Death {venom, *Contam *Drain rN+++ MP+9}
rCold  + . .     Clarity  .     b - +0 scale mail
rNeg   + + +     SustAt   +     c - +0 shield
rPois  ∞         Gourm    .     (no helmet)
rElec  +         Spirit   .     (no cloak)
rCorr  .         Warding  .     (no gloves)
rMut   .         NoTele   +     (no boots)
MR     .....                    (no amulet)
Stlth  +.........               q - ring of Truth {rElec rC+}
                                p - ring "Satry" {SustAt Stlth+}

@: mighty, not resistant to hostile enchantments, very unstealthy
A: negative energy resistance 1, electricity resistance, unbreathing,
petrification resistance, rot immunity, AC +5
a: Heroism, Finesse, Renounce Religion


You were in the Dungeon.
You worshipped Okawaru.
Okawaru was extremely pleased with you.
You were not hungry.

You visited 1 branch You collected 400 gold pieces.
You spent 363 gold pieces at shops.

Inventory:

Hand weapons
 a - a +0 flail
 r - the +3 mace of Certain Death (weapon) {venom, *Contam *Drain rN+++ MP+9}
   (Okawaru gifted it to you in the Dungeon)

   It poisons the flesh of those it strikes.
   It renders you almost immune to negative energy.
   It affects your magic capacity (+9).
   It causes magical contamination when unequipped.
   It causes draining when unequipped.
Armour
 b - a +0 scale mail (worn)
 c - a +0 shield (worn)
Jewellery
 p - the ring "Satry" (left hand) {SustAt Stlth+}
   (You bought it in a shop in the Dungeon)

   [ring of sustain attributes]

   It sustains your strength, intelligence and dexterity.
   It makes you more stealthy.
 q - the ring of Truth (right hand) {rElec rC+}
   (You bought it in a shop in the Dungeon)

   [ring of protection from cold]

   It protects you from cold.
   It insulates you from electricity.
Magical devices
 l - a wand of cold (5)
 m - a wand of fire (5)
Scrolls
 k - 4 scrolls of blinking
 n - 2 scrolls of fog
Potions
 d - 4 potions of might
 f - a potion of curing
 g - 2 potions of heal wounds
 h - 3 potions of haste
 i - 2 potions of magic
 j - a potion of berserk rage
 o - a potion of resistance
Comestibles
 e - a bread ration


   Skills:
 + Level 12.5 Fighting
 + Level 11.4 Maces & Flails
 + Level 12.5 Armour
 + Level 12.4 Shields


You had 8 spell levels left.
You didn't know any spells.

Dungeon Overview and Level Annotations

Branches:
Dungeon (1/1)

Altars:
Cheibriados
Dithmenos
Fedhas
Gozag
Kikubaaqudgha
Makhleb
Okawaru
Qazlal
Ru
Sif Muna
Trog
Vehumet
Xom
Yredelemnul
Zin
The Shining One
Jiyva
Lugonu

Shops:
D *[%??*?*:[((!!!!


Innate Abilities, Weirdness & Mutations

You are resistant to torment.
Your stone body is resilient (AC +5).
You are immune to poison.
You resist negative energy.
You are resistant to electric shocks.
You can survive without breathing.
You are immune to petrification.
You are immune to rotting.


Message History

Unknown command.
Drink which item? (? for menu, Esc to quit)
You feel much better. 3... The fire elemental barely misses you.
You closely miss the fire elemental.
The fire elemental is lightly damaged. 2...
The fire elemental hits you. The fire elemental burns you!
* * * LOW HITPOINT WARNING * * *
You thump the fire elemental!
The fire elemental is heavily damaged. 1...
The fire elemental hits you. The fire elemental burns you!
* * * LOW HITPOINT WARNING * * *
You block the fire elemental's attack.
You barely miss the fire elemental.
The fire elemental is heavily damaged.
The fire elemental hits you. The fire elemental burns you!
You die...

#_......._# #.........#
###.........###
#⌠...........⌠#
####.8.........8.######
___......###......._.∩##
.......8.# #.8....†...∩###
.........###.............##
......###...###.@........⌠#
......# #.<.# #..E..†....⌠#
......###...###.....†....⌠#
.........###.....†.......##
.......8.# #.8).......∩###
___......###......___∩##
####.8..)......8†######
#⌠...........⌠#
###.(.......###


You could see a fire elemental.

Vanquished Creatures
  A queen ant (D)
  Pikel (D)
  3 fire drakes (D)
  2 fire elementals (D)
  A steam dragon (D)
  A mottled dragon (D)
  An insubstantial wisp (D)
  A soldier ant (D)
  4 sky beasts (D)
  2 big kobolds (D)
  2 killer bees (D)
  2 worker ants (D)
  A hobgoblin (D)
  A goblin (D)
23 creatures vanquished.

Notes
Turn   | Place    | Note
--------------------------------------------------------------
     0 | D        | nuthulu the Gargoyle Fighter began the quest for the Orb.
     0 | D        | Reached XP level 1. HP: 14/14 MP: 1/1
     2 | D        | Found a deep blue altar of Sif Muna.
     2 | D        | Found a sacrificial altar of Ru.
     3 | D        | Found an opulent altar of Gozag.
     4 | D        | Found Kaol Xifur's Distillery.
     4 | D        | Found a stormy altar of Qazlal.
     4 | D        | Found a glowing golden altar of the Shining One.
     4 | D        | Found Ruinido's Do-It-Yourself Clinic.
     5 | D        | Found Goereik's Distillery.
     5 | D        | Found Sautwuaq's Bottled Wisdom.
     5 | D        | Round 1.
    12 | D        | Bought 6 potions of might for 168 gold pieces
    16 | D        | Found a radiant altar of Vehumet.
    20 | D        | Found a snail-covered altar of Cheibriados.
    21 | D        | Found an ancient bone altar of Kikubaaqudgha.
    21 | D        | Found a shimmering altar of Xom.
    21 | D        | Found a glowing silver altar of Zin.
    21 | D        | Found Pooghac's Weapon Rack.
    21 | D        | Found Lunosus's Premium Goods.
    22 | D        | Found Xofuxkij's Basic Armour.
    22 | D        | Found Omiseaf's Miscellaneous Merchandise.
    24 | D        | Noticed Pikel
    25 | D        | Found a basalt altar of Yredelemnul.
    26 | D        | Found a shadowy altar of Dithmenos.
    27 | D        | Found a bloodstained altar of Trog.
    28 | D        | Found Cukemegi's Identification Station.
    28 | D        | Found a corrupted altar of Lugonu.
    28 | D        | Found a viscous altar of Jiyva.
    28 | D        | Found an iron altar of Okawaru.
    28 | D        | Found Ytraikh's Bee Food.
    29 | D        | Found Xoot's Advanced Armour.
    29 | D        | Found Neukao Veno's Jewellery.
    37 | D        | Became a worshipper of Warmaster Okawaru
    59 | D        | Noticed a big kobold
    83 | D        | Killed Pikel
    83 | D        | Acquired Okawaru's first power
    83 | D        | Acquired Okawaru's second power
    83 | D        | Reached skill level 8 in Fighting
    83 | D        | Reached XP level 2. HP: 15/26 MP: 2/2
    83 | D        | Reached XP level 3. HP: 17/30 MP: 3/3
    83 | D        | Reached XP level 4. HP: 20/36 MP: 4/4
    83 | D        | Reached XP level 5. HP: 22/40 MP: 5/5
    83 | D        | Reached XP level 6. HP: 24/45 MP: 6/6
    83 | D        | Reached XP level 7. HP: 26/50 MP: 7/7
    94 | D        | Killed a big kobold
    94 | D        | Reached skill level 9 in Armour
   112 | D        | Found Feecae's Staff Store.
   113 | D        | Found a burning altar of Makhleb.
   113 | D        | Found a blossoming altar of Fedhas.
   113 | D        | Found Testufow's Magic Scroll Shop.
   113 | D        | Found Xiqiremose's Must-Have Magic.
   113 | D        | Found Avaum's Magic Scroll Shop.
   154 | D        | Arena points: 12 (+12) [x2]
   169 | D        | Bought a scorched brass ring for 45 gold pieces
   169 | D        | Identified the ring "Satry" {SustAt Stlth+} (You bought it in a shop in the Dungeon)
   195 | D        | Round 2.
   199 | D        | Noticed a queen ant
   216 | D        | Killed a queen ant
   216 | D        | Reached skill level 10 in Fighting
   216 | D        | Reached skill level 10 in Armour
   216 | D        | Reached skill level 10 in Shields
   216 | D        | Reached XP level 8. HP: 38/58 MP: 6/8
   311 | D        | Arena points: 54 (+42) [x3]
   336 | D        | Bought a fine amber ring for 45 gold pieces
   336 | D        | Identified the ring of Truth {rElec rC+} (You bought it in a shop in the Dungeon)
   361 | D        | Round 3.
   385 | D        | Received a gift from Okawaru
   388 | D        | Got an ebony mace {god gift}
   389 | D        | Identified the +3 mace of Certain Death {venom, *Contam *Drain rN+++ MP+9} (Okawaru gifted it to you in the Dungeon)
   418 | D        | Reached skill level 11 in Fighting
   418 | D        | Reached skill level 10 in Maces & Flails
   431 | D        | Reached XP level 9. HP: 44/64 MP: 9/9
   456 | D        | Arena points: 138 (+84) [x4]
   474 | D        | Bought 3 potions of heal wounds for 105 gold pieces
   512 | D        | Round 4.
   515 | D        | Noticed a fire drake
   531 | D        | Noticed a fire drake
   532 | D        | Killed a fire drake
   537 | D        | Reached skill level 12 in Fighting
   541 | D        | Noticed a fire drake
   542 | D        | Killed a fire drake
   557 | D        | Killed a fire drake
   579 | D        | HP: 1/66 [fire elemental (4)]
   583 | D        | Slain by a fire elemental

Vault maps used:
D:        arena_sprint

Action                   |  1- 3 |  4- 6 |  7- 9 || total
-------------------------+-------+-------+-------++-------
Melee: Flail             |    30 |       |    89 ||   119
       Mace              |       |       |    65 ||    65
Invok: Heroism           |       |       |     2 ||     2
  Use: Potion            |     4 |       |     5 ||     9
       Scroll            |       |       |     1 ||     1
